 Dungeon Crawl Stone Soup version 0.27.0-1-g7a089689b8 (webtiles) character file.

Game seed: 8017058232627596552

44 Loul the Chopper (level 3, -4/30 HPs)
             Began as a Minotaur Gladiator on Aug 17, 2021.
             Killed by divine providence
             ... invoked by an orc priest
              (12 damage)
             ... on level 3 of the Dungeon.
             The game lasted 00:17:20 (2117 turns).

Loul the Chopper (Minotaur Gladiator)               Turns: 2117, Time: 00:17:21

Health: -4/30      AC:  3    Str: 19    XL:     3   Next: 41%
Magic:  2/2        EV: 12    Int:  5    God:
Gold:   131        SH:  0    Dex: 11    Spells: 2/2 levels left

rFire    . . .     SeeInvis .   a - +0 war axe
rCold    . . .     Faith    .   (no shield)
rNeg     . . .     Spirit   .   b - +0 leather armour
rPois    .         Reflect  .   c - +0 hat
rElec    .         Harm     .   (no cloak)
rCorr    .         Rampage  .   (no gloves)
Will     .....                  (no boots)
Stlth    +.........             (no amulet)
HPRegen  0.10/turn              (no ring)
MPRegen  0.08/turn              (no ring)

@: no status effects
A: horns 2, retaliatory headbutt
a: no special abilities


You were on level 3 of the Dungeon.
You visited 1 branch of the dungeon, and saw 3 of its levels.

You collected 131 gold pieces.

Inventory:

Hand Weapons
 a - a +0 war axe (weapon)
Missiles
 d - 3 throwing nets (quivered)
 h - 27 stones
Armour
 b - a +0 leather armour (worn)
 c - a +0 hat (worn)
 e - a +2 buckler of fire resistance
Scrolls
 f - a scroll of identify
 j - 2 scrolls of amnesia {unknown}
Potions
 g - 2 potions of degeneration
 i - 2 potions of curing
 k - a potion of lignification {unknown}
 l - 3 potions of cancellation {unknown}


   Skills:
 + Level 2.5 Fighting
 * Level 4.5 Axes
 + Level 2.0 Throwing
 + Level 0.4 Armour
 + Level 4.1 Dodging


You had 2 spell levels left.
You didn't know any spells.
Your spell library contained the following spells:

 Spells                   Type           Power      Damage    Failure   Level
 Animate Skeleton         Necr           0%         N/A       54%         1
 Pain                     Necr           0%         1d4       54%         1
 Sting                    Tmut/Pois      0%         1d3       54%         1
 Poisonous Vapours        Pois/Air       0%         N/A       67%         2
 Slow                     Hex            0%         N/A       67%         2
 Confusing Touch          Hex            0%         N/A       88%         3
 Vampiric Draining        Necr           0%         2d6       88%         3
 Olgreb's Toxic Radiance  Pois           0%         N/A       99%         4
 Agony                    Necr           0%         N/A       100%        5
 Silence                  Hex/Air        0%         N/A       100%        5
 Maxwell's Capacitive Co  Air            0%         ∞         100%        8


Dungeon Overview and Level Annotations

Branches:
Dungeon (3/15)

Altars:

Shops:
D:1 ?


Innate Abilities, Weirdness & Mutations

You have a pair of horns on your head.
You reflexively headbutt those who attack you in melee.


Message History

Items here: )) [ †.
Okay, then.
Found a hand axe.
Found 4 boomerangs.
You see here 4 boomerangs.
You open the door. 3 orcs come into view.
The orc shouts! x3; You hear a shout!
An orc priest comes into view. It is wielding a +0 hand axe.
An orc comes into view. It is wielding a +0 dagger.
The orc moves out of view.
There is an open door here.
A rat comes into view.
The orc priest shouts!
The orc barely misses you.
Found 11 gold pieces.
You barely miss the orc. You closely miss the orc.
The orc hits you with a +0 flail!
You closely miss the orc. You headbutt the orc.
You kill the orc!
You hit the orc. The orc hits you but does no damage.
You closely miss the orc.
The orc is severely wounded.
You closely miss the orc. You hit the orc but do no damage.
The orc closely misses you. The orc hits you with a +0 whip.
The orc hits you but does no damage. The orc misses you.
The orc closely misses you.
The orc priest mumbles some strange prayers to Beogh against you.
Beogh smites you!
* * * LOW HITPOINT WARNING * * *
The orc barely misses you. You furiously retaliate!
You headbutt the orc.
There is an open door here.
The orc priest miscasts a cantrip.
The orc priest calls upon Beogh to heal the orc.
The orc's wounds heal themselves!
The orc closely misses you. The orc hits you but does no damage.
The orc priest invokes the aid of Beogh against you.
Beogh smites you!
You die...

.....#..............##+##)######.
.###+#..##.......................
.# ........................... .#
..##........................ .##
...##.## #...................
..##.......#.#...................
....#...#....#....###....##+####.
........+...........+..........
..#..........#..@...#........##
#'#...##+##..#..o..o#.........#
.....## ##.....o..o..##...#.#
....## ##...........'...+ . ...<#
#....########.).# .†..#
#.......$....)..+ ....#
#####...........# ....#
...........# ....# ...........#


You could see an orc priest and 3 orcs.

Vanquished Creatures
  An adder (D:2)
  2 orcs (D:3)
  4 ball pythons
  A giant cockroach (D:1)
  4 goblins
  2 hobgoblins
  4 jackals (D:3)
  6 kobolds
  A quokka (D:2)
  4 bats
  3 rats (D:1)
32 creatures vanquished.

Notes
Turn   | Place    | Note
-------+----------+-------------------------------------------
     0 | D:1      | Loul the Minotaur Gladiator began the quest for the Orb.
     0 | D:1      | Reached XP level 1. HP: 18/18 MP: 0/0
   268 | D:1      | Got the Collected Works on Ghastly Lightness
   313 | D:1      | Found Acogruo's Magic Scroll Emporium.
   377 | D:1      | Found a faded altar of an unknown god.
   466 | D:1      | Reached XP level 2. HP: 22/25 MP: 1/1
  1683 | D:2      | Reached XP level 3. HP: 30/30 MP: 2/2
  2117 | D:3      | Killed from afar by an orc priest

Illustrated notes

Levels and vault maps discovered:
D:1:      amcnicky_arrival_blooded_trapdoor, layout_basic,
          shapermc_ecumenical_altar_starsandcircs, serial_shops,
          nicolae_shop_stone
D:2:      layout_loops_ring
D:3:      layout_basic, bloody_trog, mainiacjoe_overflow_alcove_4,
          nicolae_yredelemnul_corpse_copse, st_stairs_7, grunt_ministairs_7

Skill      XL: |  1  2 |
---------------+-------+-----
Axes           | 4 |  4.5
Dodging        | 4 |  4.1
Fighting       | |  2.5
Throwing       | |  2.0
Armour         | |  0.4

Action                   || total
-------------------------++-------
Melee: War axe           ||    65
       Headbutt          ||     4
  Use: Scroll            ||     4
       Potion            ||     1
Armor: Leather armour    ||    26
Dodge: Dodged            ||    72
